 Dungeon Crawl Stone Soup version 0.21-a0-279-g6037ffb (webtiles) character file.

53 tidbits the Grave Robber (level 3, 0/26 HPs)
             Began as a Draconian Necromancer on Sept 23, 2017.
             Killed from afar by Natasha (6 damage)
             ... with a magic dart
             ... on level 2 of the Dungeon.
             The game lasted 00:05:30 (948 turns).

tidbits the Grave Robber (Draconian Necromancer)     Turns: 948, Time: 00:05:30

Health: 0/26       AC:  6    Str: 10    XL:     3   Next: 62%
Magic:  0/6        EV: 12    Int: 16    God:
Gold:   66         SH:  0    Dex: 11    Spells: 2/7 levels left

rFire    . . .     SeeInvis .   c - +0 short sword
rCold    . . .     Gourm    .   (no shield)
rNeg     . . .     Faith    .   (armour unavailable)
rPois    .         Spirit   .   (helmet restricted)
rElec    .         Reflect  .   (no cloak)
rCorr    .         Harm     .   (no gloves)
MR       +....                  F - +0 pair of boots
Stlth    ++........             (no amulet)
HPRegen  0.08/turn              l - ring of protection from magic
MPRegen  0.10/turn              (no ring)

@: flying, very slightly contaminated, slowed, very slow
A: unfitting armour, cold-blooded, AC +5
a: no special abilities


You were on level 2 of the Dungeon.
You were hungry.

You visited 1 branch of the dungeon, and saw 2 of its levels.

You collected 66 gold pieces.

Inventory:

Hand Weapons
 c - a +0 short sword (weapon)
Missiles
 j - 22 bolts
Armour
 F - a +0 pair of boots (worn)
Jewellery
 l - a ring of protection from magic (left hand)
   (You found it on level 1 of the Dungeon)
Scrolls
 d - a scroll of teleportation {unknown}
 g - a scroll of enchant weapon {unknown}
 i - a scroll of remove curse {unknown}
 m - a scroll of blinking {unknown}
 n - a scroll of identify {unknown}
Potions
 k - a potion of curing {unknown}
Books
 a - a book of Necromancy

   Spells                             Type                      Level
   a - Pain                           Necromancy                   1
   b - Animate Skeleton               Necromancy                   1
   c - Vampiric Draining              Necromancy                   3
   d - Regeneration                   Charms/Necromancy            3
   e - Animate Dead                   Necromancy                   4
   f - Control Undead                 Necromancy                   4
Comestibles
 b - 2 bread rations
 f - a royal jelly
 h - 2 fruits
 o - 3 chunks of flesh


   Skills:
 - Level 1.7 Dodging
 - Level 1.7 Stealth
 + Level 2.5 Spellcasting
 * Level 5.0 Necromancy


You had 2 spell levels left.
You knew the following spells:

 Your Spells              Type           Power        Failure   Level  Hunger
n - Animate Skeleton      Necr           N/A          2%          1    #......
v - Vampiric Draining     Necr           ###.......   8%          3    ###....
z - Pain                  Necr           ###.         2%          1    #......


Dungeon Overview and Level Annotations

Branches:
Dungeon (2/15)

Altars:

Annotations:
D:2 Natasha


Innate Abilities, Weirdness & Mutations

Your plain brown scales are hard. (AC +5)
You cannot fit into any form of body armour.
You are cold-blooded and may be slowed by cold attacks.


Message History

You swing at nothing.
You swing at nothing.
You swing at nothing.
You swing at nothing.
Casting: Pain
Confirm with . or Enter, or press ? or * to list all spells.
Aiming: Pain
Press: ? - help, Shift-Dir - straight line, f - quokka
Aim: a quokka (chance to defeat MR: 89%)
The quokka writhes in agony!
You kill the quokka!
You swing at nothing.
You swing at nothing.
You swing at nothing.
You swing at nothing.
You swing at nothing.
You swing at nothing.
You swing at nothing.
You swing at nothing.
You swing at nothing.
You swing at nothing.
You swing at nothing.
You swing at nothing.
You swing at nothing.
A goblin comes into view.
The goblin throws a stone.
The stone hits you but does no damage.
Things that are here:
a stone; a worm corpse
Casting: Pain
Confirm with . or Enter, or press ? or * to list all spells.
Aiming: Pain
Press: ? - help, Shift-Dir - straight line, f - goblin
Aim: a goblin (chance to defeat MR: 89%)
The goblin writhes in agony!
The goblin throws a stone.
The stone barely misses you.
Casting: Pain
Confirm with . or Enter, or press ? or * to list all spells.
Aiming: Pain
Press: ? - help, Shift-Dir - straight line, f/p - goblin
Aim: a goblin (severely wounded, chance to defeat MR: 89%)
The goblin writhes in agony!
You kill the goblin!
You swing at nothing.
You swing at nothing.
You swing at nothing.
You swing at nothing.
You swing at nothing.
You swing at nothing.
You swing at nothing.
You swing at nothing.
You swing at nothing.
You swing at nothing.
Your leopard gecko skeleton crumbles into dust!
Wield which item (- for none, * to show all)? (? for menu, Esc to quit)
c - a +0 short sword (weapon)
You butcher the worm corpse.
o - 3 chunks of flesh You see here a stone.
You now have 66 gold pieces (gained 6).
Natasha hisses angrily.
Casting: Pain
Confirm with . or Enter, or press ? or * to list all spells.
Aiming: Pain
Press: ? - help, Shift-Dir - straight line, f - Natasha
Aim: Natasha (chance to defeat MR: 78%) Natasha barely resists.
Casting: Pain
Confirm with . or Enter, or press ? or * to list all spells.
Aiming: Pain
Press: ? - help, Shift-Dir - straight line, f/p - Natasha
Aim: Natasha (chance to defeat MR: 78%) Natasha writhes in agony!
Natasha stares at you and mumbles some strange words.
The magic dart hits you! Natasha casts a spell at you.
You feel yourself slow down. Natasha claws you.
Casting: Pain
Confirm with . or Enter, or press ? or * to list all spells.
Aiming: Vampiric Draining
Press: ? - help, Shift-Dir - straight line, f/p - Natasha
Aim: Natasha (lightly wounded)
You miscast Vampiric Draining.
You are very lightly contaminated with residual magic.
Strange energies run through your body.
You are feeling hungry.
Natasha barely misses you. Natasha completely misses you.
Casting: Vampiric Draining
Confirm with . or Enter, or press ? or * to list all spells.
Aiming: Pain
Press: ? - help, Shift-Dir - straight line, f/p - Natasha
Aim: Natasha (lightly wounded, chance to defeat MR: 78%) Natasha barely resists.
Natasha claws you!
* * * LOW HITPOINT WARNING * * *
It was a potion of flight.
You feel very buoyant.
You fly up into the air.
Natasha stares at you and mumbles some strange words.
The magic dart hits you!
You die...

.# . ##.## #.# #...# # ##.###
#...# #.###### #.....# #...#
.......# ....... #...#
.......#........######...#####
.5hw..<.........#.............
.......r.......h@.............
................#.............
................####.#...#.###
..........?..... #.#...#.#
########......## #.#...#.#
#...## #.#...#.# .###
.####(......###
#......(......##
#.#####.....(.....


You could see Natasha.

Vanquished Creatures
  An ooze (D:1)
  2 worms (D:2)
  2 dart slugs (D:1)
  2 leopard geckos
  4 bats
  3 giant cockroaches (D:1)
  3 goblins
  4 hobgoblins (D:1)
  A quokka (D:2)
  3 frilled lizards
  7 kobolds (D:1)
  4 rats
36 creatures vanquished.

Notes
Turn   | Place    | Note
-------+----------+-------------------------------------------
     0 | D:1      | tidbits the Draconian Necromancer began the quest for the Orb.
     0 | D:1      | Reached XP level 1. HP: 14/14 MP: 3/3
   171 | D:1      | Reached XP level 2. HP: 16/20 MP: 1/5
   204 | D:1      | Learned a level 1 spell: Animate Skeleton
   570 | D:1      | Reached XP level 3. HP: 17/26 MP: 2/6
   658 | D:2      | Noticed Natasha
   856 | D:2      | Learned a level 3 spell: Vampiric Draining
   858 | D:2      | Reached skill level 5 in Necromancy
   948 | D:2      | Killed from afar by Natasha

Vault maps used:
D:1:      ncdulo_smallfort
D:2:      nrook_loot_triangle, uniq_jessica, uniq_natasha

Skill      XL: |  1  2  3 |
---------------+----------+-----
Necromancy     | 5 |  5.0
Dodging        | |  1.7
Stealth        | |  1.7
Spellcasting   | |  2.5

Action                   || total
-------------------------++-------
Melee: Short sword       ||     4
 Cast: Pain              ||    69
       Animate Skeleton  ||     2
  Use: Potion            ||     1
  Eat: Chunk             ||     2
Armor: Skin              ||     5
Dodge: Dodged            ||    15

Table legend:
 A = Spawn XP
 B = Non-spawn XP
 C = Spawn XP percentage of total XP
 D = Spawn monster count
 E = Non-spawn monster count
 F = Spawn count percentage of total count
 G = Total turns spent on level
                    A         B        C        D         E        F      G
               +---------+---------+-------+---------+---------+-------+---------
         Total |       0 |      76 |   0.0 |       0 |      36 |   0.0 |   948
               +---------+---------+-------+---------+---------+-------+---------
           D:1 |       0 |      56 |   0.0 |       0 |      28 |   0.0 |   789
           D:2 |       0 |      20 |   0.0 |       0 |       8 |   0.0 |   159
               +---------+---------+-------+---------+---------+-------+---------

Table legend:
 A = Turns spent in this place as a percentage of turns spent in the entire game.
 B = Non-inter-level travel turns spent in this place as a percentage of non-inter-level travel turns spent in the entire game.
 C = Inter-level travel turns spent in this place as a percentage of turns spent in this place.
 D = Turns resting spent in this place as a percentage of non-inter-level travel turns spent in this place.
 E = Turns spent auto-exploring this place as a percentage of non-inter-level travel turns spent in this place.
 F = Non-inter-level travel turns spent in this place divided by the number of levels of this place that you've seen.
                   A       B       C       D       E      F
               +-------+-------+-------+-------+-------+----------------------
         Total | 100.0 | 100.0 |   0.0 |   0.0 |   0.0 | 474.0
       Dungeon | 100.0 | 100.0 |   0.0 |   0.0 |   0.0 | 474.0
               +-------+-------+-------+-------+-------+----------------------

Table legend:
 A = Kills in this place as a percentage of kills in entire the game.
 B = Kills by you in this place as a percentage of kills by you in the entire game.
 C = Kills by friends in this place as a percentage of kills by friends in the entire game.
 D = Other kills in this place as a percentage of other kills in the entire game.
 E = Experience gained in this place as a percentage of experience gained in the entire game.
 F = Experience gained in this place divided by the number of levels of this place that you have seen.
                   A       B       C       D       E      F
               +-------+-------+-------+-------+-------+----------------------
         Total | 100.0 | 100.0 |   N/A |   N/A | 100.0 |  38.0
       Dungeon | 100.0 | 100.0 |   N/A |   N/A | 100.0 |  38.0
               +-------+-------+-------+-------+-------+----------------------

Vault maps used:
D:1:      ncdulo_smallfort
D:2:      nrook_loot_triangle, uniq_jessica, uniq_natasha
